Map: 汇龙岛 - 天梯版

Players

INnoVation

  • Race: Terran Terran
  • Spawn Location: 11:00

herO - Winner!

  • Race: Protoss Protoss
  • Spawn Location: 5:00

Event: 2018 Hangzhou StarCraft Carnival

VOD

Have the link to the VOD?

Description

Time

  • Played on: April 29, 2018, 7:14 a.m.
  • Length: 10:23

All games in this series

Show
View Real Time Build Order
Export as new Build Order

INnoVation Terran 

Build Orders: Reaper Expand, MMM Bio 

Get SALT Encoding   

  12  0:00  SCV  
  13  0:12  SCV  
  14  0:17  Supply Depot  
  14  0:24  SCV  
  15  0:38  SCV  
  15  0:40  Barracks  
  16  0:43  Refinery  
  16  0:50  SCV  
  17  1:02  SCV  
  18  1:15  SCV  
  19  1:27  Orbital Command  
  19  1:28  Reaper  
  20  1:41  Command Center  
  20  1:53  SCV, Supply Depot  
  21  1:59  Marine  
  22  2:05  Factory  
  22  2:08  SCV  
  22  2:12  Refinery  
  23  2:20  SCV, Barracks Reactor  
  24  2:33  SCV  
  25  2:45  SCV  
  25  2:49  Starport  
  26  2:53  Widow Mine  
  26  2:55  Orbital Command  
  26  2:56  Marine x2  
  26  2:57  SCV  
  31  3:09  SCV  
  31  3:10  Barracks  
  32  3:14  Marine x2  
  32  3:16  Widow Mine  
  36  3:21  SCV x2  
  36  3:26  Medivac  
  40  3:31  Barracks  
  40  3:36  Supply Depot  
  40  3:37  SCV  
  40  3:40  SCV  
  42  3:41  Factory Tech Lab  
  42  3:50  Engineering Bay  
  42  3:51  SCV  
  42  3:52  SCV  
  44  3:57  Bunker  
  43  4:03  Starport Tech Lab  
  43  4:04  Marine x2  
  43  4:05  SCV x2  
  43  4:09  Stimpack  
  47  4:13  Supply Depot  
  49  4:17  Marauder  
  49  4:20  SCV x2  
  51  4:26  Terran Infantry Weapons Level 1  
  51  4:29  Refinery  
  51  4:31  Starport Reactor  
  51  4:32  SCV x2  
  53  4:40  Marauder x2  
  53  4:42  Marine x2  
  53  4:45  Supply Depot  
  57  4:50  SCV x2  
  55  4:53  Factory Reactor  
  55  4:54  Combat Shields  
  55  4:59  Marine x2, Supply Depot  
  55  5:04  Marauder x2  
  61  5:07  SCV x2  
  61  5:09  Supply Depot  
  63  5:18  Marine  
  63  5:19  Marine  
  65  5:21  SCV, Supply Depot  
  65  5:22  SCV  
  65  5:24  Medivac x2  
  71  5:30  Marauder x2  
  71  5:32  Supply Depot  
  71  5:34  Widow Mine  
  77  5:36  Widow Mine  
  77  5:39  Marine x2, Refinery  
  81  5:45  SCV x2  
  81  5:46  Supply Depot  
  83  5:54  Marauder  
  83  5:55  Supply Depot, Marauder  
  83  5:56  Widow Mine  
  89  5:59  Widow Mine  
  89  6:01  Marine x2  
  93  6:08  SCV x2  
  93  6:09  Supply Depot  
  93  6:10  Concussive Shells  
  95  6:16  Marauder x2  
  95  6:18  Widow Mine  
  101  6:19  Marine x2  
  101  6:20  Widow Mine  
  101  6:21  Terran Infantry Armor Level 1  
  104  6:33  Command Center  
  104  6:36  Medivac x2  
  108  6:46  Marine x2, Marauder x2  
  114  6:51  Widow Mine x2  
  118  6:56  Supply Depot  
  118  7:05  Barracks  
  118  7:07  Barracks  
  104  7:10  Marine x2, Marauder  
  104  7:11  Marauder  
  100  7:16  Medivac x2  
  100  7:18  Widow Mine  
  100  7:19  Widow Mine  
  108  7:24  SCV x2  
  108  7:32  Marine, Marauder x2  
  108  7:33  Marine  
  114  7:41  Widow Mine x2  
  118  7:46  Medivac, Orbital Command  
  118  7:47  Medivac  
  122  7:53  Barracks Tech Lab, Barracks Reactor  
  122  7:55  Marauder x2  
  122  7:57  Marine  
  122  7:58  Marine  
  128  8:03  Widow Mine x2  
  132  8:13  Marauder  
  132  8:16  Supply Depot  
  132  8:17  Marauder x2  
  137  8:20  Ghost Academy  
  137  8:23  Marine x2  
  137  8:24  Widow Mine  
  141  8:32  Widow Mine  
  141  8:34  Marauder  
  141  8:37  Marine x2  
  141  8:38  Marauder x2  
  145  8:44  SCV x2  
  145  8:45  SCV  
  145  8:46  Widow Mine  
  149  8:51  Supply Depot  
  149  8:52  Supply Depot  
  149  8:55  Ghost  
  145  8:59  Ghost  
  129  9:02  Marine  
  129  9:03  Marine x3, Ghost  
  124  9:12  Widow Mine x2  
  125  9:21  Marine x2  
  125  9:23  Marine x2  
  127  9:24  Marauder  
  127  9:28  Marauder  
  116  9:33  Marauder  
  116  9:37  Widow Mine x2  
  119  9:40  Marine  
  114  9:46  Marauder  
  114  9:49  Marauder  
  94  10:00  Marauder  
Show
View Real Time Build Order
Export as new Build Order

herO Protoss - Winner!

Build Orders: 1 Gate Expand, Double Forge, Blink Stalkers 

Get SALT Encoding   

  12  0:00  Probe  
  13  0:12  Probe  
  14  0:17  Pylon  
  14  0:23  Probe  
  15  0:32  Probe  
  15  0:36  Gateway  
  15  0:40  Probe  
  16  0:46  Assimilator  
  17  0:51  Probe  
  18  1:03  Probe  
  19  1:15  Probe  
  20  1:23  Nexus  
  20  1:33  Cybernetics Core  
  20  1:35  Probe  
  21  1:41  Assimilator  
  21  1:47  Probe  
  21  1:51  Pylon  
  22  1:59  Stalker, Probe  
  23  2:10  Warp Gate  
  23  2:12  Probe  
  26  2:22  Twilight Council  
  26  2:24  Probe  
  27  2:32  Stalker, Probe  
  27  2:33  Probe  
  30  2:39  Blink  
  30  2:40  Probe  
  30  2:41  Probe  
  32  2:49  Probe  
  33  2:51  Probe  
  35  3:00  Stalker  
  35  3:01  Probe  
  35  3:03  Probe  
  39  3:14  Probe  
  39  3:16  Probe  
  39  3:19  Pylon  
  41  3:26  Probe  
  42  3:27  Stalker  
  42  3:28  Probe  
  45  3:38  Probe  
  45  3:40  Probe  
  46  3:50  Probe  
  46  3:52  Probe  
  48  3:58  Nexus  
  48  4:03  Probe  
  48  4:04  Pylon, Probe  
  50  4:10  Gateway  
  50  4:12  Gateway  
  50  4:13  Stalker  
  50  4:16  Probe  
  53  4:17  Probe  
  53  4:22  Forge  
  53  4:23  Forge  
  54  4:28  Probe  
  54  4:29  Probe  
  56  4:38  Protoss Ground Weapons Level 1, Protoss Ground Armor Level 1  
  55  4:39  Pylon  
  55  4:40  Charge  
  55  4:41  Probe  
  55  4:42  Probe  
  55  4:44  Stalker  
  59  4:53  Probe  
  59  4:54  Probe  
  59  4:59  Assimilator  
  61  5:14  Gateway  
  61  5:17  Sentry  
  61  5:18  Gateway x2  
  61  5:19  Gateway  
  61  5:20  Sentry  
  65  5:25  Gateway  
  65  5:27  Gateway  
  65  5:32  Probe x3, Sentry  
  70  5:36  Pylon  
  70  5:43  Pylon  
  70  5:44  Probe x3  
  70  5:46  Sentry  
  70  5:47  Zealot  
  70  5:49  Pylon  
  77  5:55  Pylon  
  77  5:56  Probe x2  
  77  5:57  Probe  
  80  6:01  Robotics Facility  
  80  6:07  Zealot x2  
  80  6:09  Probe  
  80  6:10  Probe  
  80  6:11  Probe  
  86  6:16  Pylon  
  86  6:17  Pylon  
  86  6:21  Stalker x2  
  90  6:25  Zealot x2  
  90  6:32  Zealot, Stalker  
  97  6:37  Zealot x2  
  97  6:38  Zealot  
  103  6:45  Zealot x2  
  103  6:46  Zealot  
  103  6:47  Protoss Ground Armor Level 2, Protoss Ground Weapons Level 2  
  109  6:54  Zealot x2  
  111  6:57  Stalker x2  
  111  6:58  Stalker  
  99  7:13  Zealot x4  
  99  7:14  Zealot x2  
  97  7:26  Zealot x3  
  103  7:37  Stalker x4  
  103  7:41  Zealot x2  
  115  7:47  Zealot x3  
  115  7:50  Pylon  
  121  8:01  Pylon  
  121  8:03  Sentry  
  123  8:06  Zealot x2, Stalker x3  
  123  8:08  Pylon  
  123  8:11  Warp Prism  
  135  8:21  Zealot x3  
  135  8:26  Pylon  
  133  8:42  Stalker x2  
  133  8:43  Zealot x5, Stalker  
  133  8:47  Zealot  
  151  8:57  Pylon  
  151  8:59  Pylon  
  127  9:07  Zealot x7  
  131  9:28  Zealot  
  131  9:29  Zealot x8  
  139  9:49  Zealot  
  139  9:50  Zealot x6  
  139  9:51  Zealot  
  139  9:52  Zealot  
  151  10:10  Stalker x6  
Tags
 
Add a new tag
Caveats
  • Supply blocks, unpowered buildings, or Contaminate may cause inaccurate times.
  • Supply counts are checked every 10 seconds.